 Dungeon Crawl Stone Soup version 0.28.0-53-g5a82cb258f (webtiles) character file.

Game seed: 754698218542593251

761 Zeld the Digger (level 7, -11/36 HPs)
             Began as a Gargoyle Earth Elementalist on June 2, 2022.
             Mangled by a two-headed ogre
             ... wielding a +0 giant spiked club
              (19 damage)
             ... on level 5 of the Dungeon.
             The game lasted 00:03:42 (4293 turns).

Zeld the Digger (Gargoyle Earth Elementalist)       Turns: 4293, Time: 00:03:43

Health: -11/36     AC:  7    Str: 12    XL:     7   Next: 80%
Magic:  2/14       EV: 11    Int: 17    God:
Gold:   119        SH:  0    Dex: 10    Spells: 6/16 levels left

rFire   . . .      SeeInvis .   d - +2 hand axe (vorpal)
rCold   . . .      Faith    .   (no shield)
rNeg    + . .      Spirit   .   b - +0 robe
rPois   ∞          Reflect  .   (no helmet)
rElec   +          Harm     .   q - +0 cloak
rCorr   .          Rampage  .   (no gloves)
Will    .....                   (no boots)
Stlth   ++........              (no amulet)
HPRegen 0.12/turn               m - ring of wizardry
MPRegen 0.14/turn               (no ring)

@: no status effects
A: sickness immunity, AC +4, negative energy resistance 1, electricity
resistance, torment resistance 1, petrification resistance
a: no special abilities


You were on level 5 of the Dungeon.
You visited 1 branch of the dungeon, and saw 6 of its levels.

You collected 119 gold pieces.

Inventory:

Hand Weapons
 d - a +2 vorpal hand axe (weapon)
Missiles
 c - 35 stones
 g - 35 bolts
 i - 23 arrows
Armour
 b - a +0 robe (worn)
 q - a +0 cloak (worn)
Jewellery
 j - a ring of flight
 m - a ring of wizardry (left hand)
Wands
 n - a wand of acid (6)
Scrolls
 a - 2 scrolls of blinking {unknown}
 h - 2 scrolls of teleportation {unknown}
 k - a scroll of noise {unknown}
 l - 2 scrolls of identify {unknown}
 o - a scroll of immolation {unknown}
Potions
 e - a potion of flight {unknown}
 f - 2 potions of degeneration {unknown}
 p - a potion of invisibility {unknown}


   Skills:
 - Level 1.5 Dodging
 - Level 2.1 Stealth
 * Level 5.2 Spellcasting
 + Level 2.7 Conjurations
 - Level 2.0 Transmutations
 * Level 7.3 Earth Magic


You had 6 spell levels left.
You knew the following spells:

 Your Spells              Type           Power      Damage    Failure   Level
a - Sandblast             Erth           58%        2d13      1%          1
b - Passwall              Tmut/Erth      16%        N/A       1%          2
c - Stone Arrow           Conj/Erth      42%        3d9       2%          3
d - Petrify               Tmut/Erth      20%        N/A       9%          4

Your spell library contained the following spells:

 Spells                   Type           Power      Damage    Failure   Level
 Animate Skeleton         Necr           8%         N/A       6%          1
 Pain                     Necr           16%        1d4       6%          1
 Vampiric Draining        Necr           4%         2d6       16%         3


Dungeon Overview and Level Annotations

Branches:
Dungeon (6/15)
 Temple: D:4-7

Altars:
Hepliaklqana
Kikubaaqudgha

Shops:
D:1 [   D:6 (*

Annotations:
D:5 Dowan, Duvessa


Innate Abilities, Weirdness & Mutations

You are immune to sickness and miasma.
Your stone body is resilient. (AC +4)
You are immune to poison.
You resist negative energy. (rN+)
You are resistant to electric shocks. (rElec)
You are resistant to unholy torment.
You are immune to petrification.


Message History

The bullfrog zombie barely misses you.
You climb upwards.
Level annotation: Dowan, Duvessa
There is a stone staircase leading down here.
Dowan points at you and mumbles some strange words.
The puff of frost misses you.
Dowan gestures wildly while chanting.
Dowan blinks!
The two-headed ogre barely misses you. x2
Okay, then.
Casting: Stone Arrow (dangerous; 2% risk of failure)
Confirm with . or Enter, or press ? or * to list all spells.
Aiming: Stone Arrow (dangerous; 2% risk of failure)
Press: ? - help, Shift-Dir - straight line, f - two-headed ogre
Aim: a two-headed ogre, wielding a +0 giant spiked club and a +0 giant club (lightly wounded, 86% to hit)
The stone arrow hits the two-headed ogre!!
The two-headed ogre is heavily wounded.
Unknown command.
Casting: Stone Arrow (dangerous; 2% risk of failure)
Confirm with . or Enter, or press ? or * to list all spells.
Aiming: Stone Arrow (dangerous; 2% risk of failure)
Press: ? - help, Shift-Dir - straight line, f/p - two-headed ogre
Aim: a two-headed ogre, wielding a +0 giant spiked club and a +0 giant club (heavily wounded, 86% to hit)
The stone arrow hits the two-headed ogre!
The two-headed ogre is severely wounded.
The two-headed ogre barely misses you.
The two-headed ogre hits you with a +0 giant club!
* * * LOW HITPOINT WARNING * * *
Unknown command.
Casting: Stone Arrow (dangerous; 2% risk of failure)
Confirm with . or Enter, or press ? or * to list all spells.
Aiming: Sandblast (safe; 1% risk of failure)
Press: ? - help, Shift-Dir - straight line, f/p - two-headed ogre
Aim: a two-headed ogre, wielding a +0 giant spiked club and a +0 giant club (severely wounded, 91% to hit)
The blast of sand hits the two-headed ogre!
The two-headed ogre is almost dead.
c - 35 stones The two-headed ogre barely misses you.
The two-headed ogre hits you with a +0 giant club!!
Ouch! That really hurt!
You die...

.#.##### #..# #..# #.# ...#
#..# ##..# #.# #### #..# #...#
#.#
###########..####..########.###
..............................#
###########################..##
...........# #########
#########.## #.....#@# #.#
#.###.#O###########(#
#.###.e.............#
#.......############# #.......#
#.......# ####.####### #.
#......###### #. #....>.......


You could see a two-headed ogre and Dowan.

Vanquished Creatures
  Menkaure (D:5)
  A black bear (D:3)
  An ogre (D:5)
  A phantom (D:4)
  2 scorpions
  A jelly (D:5)
  An orc priest (D:3)
  A centaur skeleton (D:5)
  An orc wizard (D:4)
  An iguana (D:5)
  12 gnolls
  An adder (D:3)
  A worm (D:5)
  A dart slug (D:3)
  4 orcs (D:4)
  2 ball pythons (D:1)
  6 endoplasms
  2 giant cockroaches (D:1)
  3 goblins (D:1)
  3 hobgoblins
  4 jackals (D:4)
  A bat (D:1)
  3 frilled lizards (D:1)
  2 kobolds
  4 rats
60 creatures vanquished.

Vanquished Creatures (others)
  A plant (D:1)
1 creature vanquished.

Grand Total: 61 creatures vanquished

Notes
Turn   | Place    | Note
-------+----------+-------------------------------------------
     0 | D:1      | Zeld the Gargoyle Earth Elementalist began the quest for
                  | the Orb.
     0 | D:1      | Reached XP level 1. HP: 10/10 MP: 3/3
   159 | D:1      | Reached skill level 1 in Transmutations
   159 | D:1      | Reached XP level 2. HP: 15/15 MP: 1/5
   259 | D:1      | Found Kurrauga's Antique Armour Shop.
   265 | D:1      | Reached skill level 4 in Earth Magic
   529 | D:1      | Learned a level 2 spell: Passwall
   627 | D:3      | Reached XP level 3. HP: 11/19 MP: 6/6
   635 | D:3      | Learned a level 3 spell: Stone Arrow
   639 | D:3      | Noticed a black bear
   868 | D:3      | Killed a black bear
   869 | D:3      | Reached skill level 5 in Earth Magic
   869 | D:3      | Reached XP level 4. HP: 13/24 MP: 2/8
   869 | D:3      | Reached XP level 5. HP: 16/28 MP: 2/9
   878 | D:3      | Learned a level 4 spell: Petrify
  2283 | D:4      | Reached XP level 6. HP: 18/32 MP: 4/11
  2513 | D:5      | Entered Level 5 of the Dungeon
  2604 | D:5      | Reached skill level 1 in Conjurations
  2753 | D:5      | Reached skill level 6 in Earth Magic
  2909 | D:5      | Found a hazy altar of Hepliaklqana.
  3292 | D:5      | Noticed Dowan
  3292 | D:5      | Noticed Duvessa
  3487 | D:6      | Found Gejuf Sybih's Assorted Antiques.
  3502 | D:6      | Reached XP level 7. HP: 31/36 MP: 3/13
  3509 | D:6      | Found Iphuenua's Antique Weapon Emporium.
  3576 | D:6      | Noticed a two-headed ogre
  3694 | D:6      | Noticed Menkaure
  3694 | D:6      | Found an ancient bone altar of Kikubaaqudgha.
  3821 | D:4      | Reached skill level 7 in Earth Magic
  4089 | D:5      | Killed Menkaure
  4090 | D:5      | Reached skill level 5 in Spellcasting
  4293 | D:5      | Mangled by a two-headed ogre

Illustrated notes

Levels and vault maps discovered:
D:1:      roderic_octagonal_star, layout_rooms, serial_shops,
          nicolae_shop_overgrown_old_shop
D:2:      layout_basic, basic_altar
D:3:      layout_rooms, nicolae_ecumenical_lake_church, serial_rivers,
          chequers_serial_rivers_small_3, chequers_serial_rivers_marsh,
          chequers_serial_rivers_micro_e, chequers_serial_rivers_micro_d,
          chequers_serial_rivers_small_3
D:4:      layout_gridville
D:5:      layout_basic, lemuel_tele_altar, uniq_duvessa
D:6:      corexii_shantytown, layout_rooms, mainiacjoe_overflow_tiny_flanked,
          serial_shops, shop, shop, nicolae_shop_bloodbath_and_beyond,
          kennysheep_mini_moat, uniq_menkaure

Skill      XL: |  1  2  3  4  5  6  7 |
---------------+----------------------+-----
Transmutations | 1 2 |  2.0
Earth Magic    | 4 5 6 7 |  7.3
Spellcasting   | 3 4 5 |  5.2
Conjurations   | 1 2 |  2.7
Dodging        | |  1.5
Stealth        | |  2.1

Action                   |  1- 3 |  4- 6 |  7- 9 || total
-------------------------+-------+-------+-------++-------
Melee: Whip              |     2 |       |       ||     2
       Unarmed           |     1 |       |       ||     1
       Hand axe          |    31 |     2 |       ||    33
 Cast: Sandblast         |    11 |    62 |     2 ||    75
       Stone Arrow       |       |     7 |    20 ||    27
 Stab: Sleeping          |     1 |       |       ||     1
Armor: Robe              |    14 |    12 |     5 ||    31
Dodge: Dodged            |    22 |    29 |    17 ||    68
